 Dungeon Crawl Stone Soup version 0.31-a0-102-g33a4ccc0cb (webtiles) character file.

Game seed: 17164841506861423133

1222 promet the Caller (level 8, -7/58 HPs)
             Began as a Gnoll Wanderer on May 26, 2023.
             Mangled by a wight
             ... wielding a +4 scimitar
              (14 damage)
             ... on level 6 of the Dungeon on May 29, 2023.
             The game lasted 00:44:10 (8273 turns).

promet the Caller (Gnoll Wanderer)                  Turns: 8273, Time: 00:44:10

Health: -7/58      AC:  6    Str: 12    XL:     8   Next: 47%
Magic:  13/14      EV: 12    Int: 14    God:
Gold:   330        SH:  0    Dex: 11    Spells: 11/16 levels left

rFire   + + .        a - +2 scimitar (heavy)
rCold   + + .        (no shield)
rNeg    . . .        D - +2 robe {rC+ rF+}
rPois   .            (no helmet)
rElec   .            r - scarf {rC+ rF+}
rCorr   .            (no gloves)
SInv    .            o - +1 pair of boots
Will    .....        (no amulet)
Stlth   ++           (no ring)
HPRegen 0.29/turn    (no ring)
MPRegen 0.14/turn

%: no passive effects
@: about to teleport
A: fangs 1, strong nose, distributed training
a: no special abilities


You were on level 6 of the Dungeon.
You visited 1 branch of the dungeon, and saw 6 of its levels.

You collected 330 gold pieces.

Inventory:

Hand Weapons
 a - a +2 heavy scimitar (weapon)
 b - a +0 orcbow
 e - a +0 whip
 f - a +0 dagger
 k - a +0 sling
 p - a +0 spear
 t - a +1 antimagic short sword
 x - a +1 flail of protection
 C - a +0 halberd of electrocution
Missiles
 c - 9 boomerangs (quivered)
 g - 57 stones
Armour
 d - a +0 buckler
 n - a +0 cloak
 o - a +1 pair of boots (worn)
 r - a scarf of resistance (worn)
 D - a +2 robe of resistance (worn)
 J - the +2 leather armour of Ignis's Regard {Harm Will+ MP+9}
   (You found it on level 6 of the Dungeon)

   MP:        It affects your magic capacity (+9).
   Harm:      It increases damage dealt and taken.
   Will:      It increases your willpower.
Magical Staves
 w - a staff of conjuration
Jewellery
 y - an amulet of guardian spirit
 B - a ring of ice
 E - a ring of ice
Wands
 q - a wand of iceblast (2)
 z - a wand of light (10)
 A - a wand of charming (6)
Scrolls
 h - a scroll of vulnerability
 i - a scroll of fear
 l - 4 scrolls of fog
 v - 4 scrolls of teleportation
 H - a scroll of amnesia
Potions
 j - a potion of berserk rage {unknown}
 m - 5 potions of curing
 s - a potion of heal wounds
 u - a potion of brilliance {unknown}
 F - a potion of attraction {unknown}
 G - a potion of resistance {unknown}
 I - a potion of mutation {unknown}


   Skills:
 + Level 3.4 Fighting
 + Level 3.4 Short Blades
 + Level 3.4 Long Blades
 + Level 3.4 Axes
 + Level 3.4 Maces & Flails
 + Level 3.4 Polearms
 + Level 3.4 Staves
 + Level 3.4 Ranged Weapons
 + Level 3.4 Throwing
 + Level 3.4 Armour
 + Level 3.4 Dodging
 + Level 4.2 Stealth
 + Level 7.4 Shields
 + Level 3.4 Unarmed Combat
 + Level 4.5 Spellcasting
 + Level 2.8 Conjurations
 + Level 3.6 Hexes
 + Level 7.7 Summonings
 + Level 2.8 Necromancy
 + Level 2.8 Translocations
 + Level 2.8 Transmutations
 + Level 2.8 Fire Magic
 + Level 2.8 Ice Magic
 + Level 2.8 Air Magic
 + Level 2.8 Earth Magic
 + Level 2.8 Poison Magic
 + Level 3.8 Invocations
 + Level 3.4 Evocations


You had 11 spell levels left.
You knew the following spells:

 Your Spells              Type           Power      Damage    Failure   Level
a - Summon Small Mammal   Summ           96%        N/A       1%          1
b - Slow                  Hex            52%        N/A       4%          1
c - Summon Guardian Gole  Hex/Summ       17%        N/A       7%          3

Your spell library contained the following spells:

 Spells                   Type           Power      Damage    Failure   Level
 Portal Projectile        Hex/Tloc       20%        N/A       19%         3
 Summon Ice Beast         Ice/Summ       16%        N/A       26%         4
 Freezing Cloud           Conj/Ice/Air   4%         6-21      91%         5
 Eringya's Noxious Bog    Tmut/Pois      4%         N/A       100%        6


Dungeon Overview and Level Annotations

Branches:
Dungeon (6/15)
 Temple: D:4-7

Altars:
Cheibriados
Dithmenos
Elyvilon
Makhleb

Shops:
D:3 *

Annotations:
D:4 2 transporters


Innate Abilities, Weirdness & Mutations

You have very sharp teeth.
Your uncanny sense of smell can sniff out nearby items.
Your experience applies equally to all skills.


Message History

A wight comes into view. It is wielding a +0 war axe.
A wight comes into view.
It is wielding a +0 great sword and carrying a wand of charming (3).
A wight comes into view. It is wielding a +5 short sword.
A wight comes into view. It is wielding a +4 scimitar.
The wight zaps a wand.
Your will is overpowered!
You are confused.
The walls and floor vibrate strangely for a moment.
The wight zaps a wand.
You resist with some effort.
You're too confused to move!
You are too confused!
Okay, then.
The wight barely misses you.
You hit the wight.
The wight is moderately damaged.
You feel less confused. The wight hits you with a +4 scimitar.
The wight misses you. The wight barely misses you.
The wight completely misses you. The wight closely misses you.
Okay, then.
You slice the wight!!
You destroy the wight!
The wight hits you with a +4 scimitar.
You feel drained.
A wight comes into view. It is wielding a +4 flail.
The wight hits you with a +5 short sword.
You feel drained. The wight barely misses you. The wight closely misses you.
The wight hits you with a +4 scimitar!
Your life force feels restored.
As you read the scroll of teleportation, it crumbles to dust.
You feel strangely unstable. The wight closely misses you.
The wight hits you with a +0 great sword!
* * * LOW HITPOINT WARNING * * *
The wight hits you but does no damage. The wight attacks as you move away!
The wight hits you with a +4 scimitar.
* * * LOW HITPOINT WARNING * * *
The wight attacks as you move away!
The wight hits you with a +5 short sword.
* * * LOW HITPOINT WARNING * * *
The wight attacks as you move away! The wight barely misses you.
The wight hits you with a +4 scimitar!
You die...

######## #######
###########......######.....#
#...#.....#.....@#....#.....#
#...'.....#....z.#....#.....#
#...#.....#....zz'....#.....#
######....'......#....#.....#
#...##...z#...)..#....#.....#
#....'....#......#....#.....#
#...##....#......####'#.....#####
#...##....#........#..###'#......
#...##....#........#......#......


You could see 4 wights.

Vanquished Creatures
  A troll (D:6)
  A water moccasin (D:5)
  A sky beast (D:4)
  A centaur (D:5)
  2 phantoms (D:4)
  A scorpion (D:4)
  A wight (D:6)
  A jelly (D:6)
  A crimson imp (D:5)
  3 hounds
  Ijyb (D:5)
  3 iguanas
  An orc wizard (D:5)
  A mummy (D:4)
  4 adders
  An ufetubus (D:4)
  2 worms
  11 orcs
  6 bats
  3 endoplasms
  A giant cockroach (D:2)
  3 goblins
  3 hobgoblins
  2 quokkas
  A ball python (D:1)
  3 rats
59 creatures vanquished.

Vanquished Creatures (collateral kills)
  3 adders
  3 worms
  A dart slug (D:1)
  3 orcs
  6 ball pythons
  2 bats
  2 endoplasms
  2 giant cockroaches
  2 goblins
  4 hobgoblins
  2 quokkas
  3 frilled lizards
  5 kobolds (D:1)
  5 rats (D:1)
43 creatures vanquished.

Grand Total: 102 creatures vanquished

Notes
Turn   | Place    | Note
-------+----------+-------------------------------------------
     0 | D:1      | promet the Gnoll Wanderer began the quest for the Orb.
     0 | D:1      | promet set off with the following items: a +0 dagger, a
                  | scroll of fear, a +0 robe, a +0 buckler; and the following
                  | spells available to memorise: Summon Small Mammal, Slow,
                  | Summon Guardian Golem, Portal Projectile, Summon Ice Beast.
     0 | D:1      | Reached XP level 1. HP: 13/13 MP: 4/4
    18 | D:1      | Learned a level 1 spell: Summon Small Mammal
   336 | D:1      | Reached XP level 2. HP: 19/19 MP: 2/5
   635 | D:1      | Found a faded altar of an unknown god.
   879 | D:1      | Reached XP level 3. HP: 20/25 MP: 0/7
  1928 | D:1      | Reached skill level 1 in Invocations
  2339 | D:2      | Learned a level 1 spell: Slow
  2657 | D:2      | Reached skill level 1 in Fighting
  2657 | D:2      | Reached skill level 1 in Short Blades
  2657 | D:2      | Reached skill level 1 in Long Blades
  2657 | D:2      | Reached skill level 1 in Axes
  2657 | D:2      | Reached skill level 1 in Maces & Flails
  2657 | D:2      | Reached skill level 1 in Polearms
  2657 | D:2      | Reached skill level 1 in Staves
  2657 | D:2      | Reached skill level 1 in Ranged Weapons
  2657 | D:2      | Reached skill level 1 in Throwing
  2657 | D:2      | Reached skill level 1 in Armour
  2657 | D:2      | Reached skill level 1 in Dodging
  2657 | D:2      | Reached skill level 1 in Unarmed Combat
  2657 | D:2      | Reached skill level 1 in Evocations
  2763 | D:2      | Found Xihab's General Store.
  3150 | D:2      | Found a white marble altar of Elyvilon.
  3476 | D:3      | Found Xahineisk's Assorted Antiques.
  3482 | D:3      | Reached XP level 4. HP: 32/32 MP: 0/8
  3793 | D:3      | Reached skill level 1 in Conjurations
  3793 | D:3      | Reached skill level 1 in Necromancy
  3793 | D:3      | Reached skill level 1 in Translocations
  3793 | D:3      | Reached skill level 1 in Transmutations
  3793 | D:3      | Reached skill level 1 in Fire Magic
  3793 | D:3      | Reached skill level 1 in Ice Magic
  3793 | D:3      | Reached skill level 1 in Air Magic
  3793 | D:3      | Reached skill level 1 in Earth Magic
  3793 | D:3      | Reached skill level 1 in Poison Magic
  4696 | D:4      | Got the Disquisition on Inconstant Blows
  4747 | D:4      | Noticed a phantom
  4791 | D:4      | Killed a phantom
  4792 | D:4      | Reached XP level 5. HP: 36/37 MP: 7/9
  5271 | D:4      | Reached XP level 6. HP: 35/44 MP: 9/11
  5493 | D:4      | Found a transporter.
  5635 | D:4      | Found a transporter.
  5661 | D:4      | Found a snail-covered altar of Cheibriados.
  5703 | D:4      | Noticed a sky beast
  5715 | D:4      | Killed a sky beast
  5716 | D:4      | Reached XP level 7. HP: 50/50 MP: 10/12
  6016 | D:5      | Entered Level 5 of the Dungeon
  6456 | D:5      | Learned a level 3 spell: Summon Guardian Golem
  6774 | D:5      | Found a shadowy altar of Dithmenos.
  7270 | D:5      | Found a burning altar of Makhleb.
  7270 | D:5      | Noticed Ijyb
  7278 | D:5      | Killed Ijyb
  7491 | D:6      | Noticed a troll
  7542 | D:6      | Reached XP level 8. HP: 57/58 MP: 14/14
  7548 | D:6      | Killed a troll
  7861 | D:6      | Found the +18 Lear's hauberk
  8204 | D:6      | Identified the +2 leather armour of Ignis's Regard {Harm
                  | Will+ MP+9}
  8273 | D:6      | Mangled by a wight

Illustrated notes

Levels and vault maps discovered:
D:1:      shiori_arrival_oz, layout_loops_ring,
          shapermc_ecumenical_altar_pompeii, minmay_pentomino_w4
D:2:      layout_basic, basic_altar, serial_shops, shop
D:3:      layout_basic, serial_shops, nicolae_shop_getting_attention,
          serial_curves, eino_curves_02, eino_curves_02, eino_curves_03,
          eino_curves_01
D:4:      layout_loops_ring, slow_altar_1, gammafunk_ghost_mausoleum
D:5:      layout_rooms, lemuel_tele_altar, makhleb_grotto_becter,
          dk_noncrumbling_2, uniq_ijyb
D:6:      layout_gridville, trog_book, lemuel_temple_firewalk_b,
          portal_sewer_entry_f, hellmonk_guarded_unrand_lears

Skill      XL: |  1  2  3  4  5  6  7  8 |
---------------+-------------------------+-----
Hexes          | 2 3 |  3.6
Invocations    | 1 2 3 |  3.8
Fighting       | 1 2 3 |  3.4
Short Blades   | 1 2 3 |  3.4
Long Blades    | 1 2 3 |  3.4
Axes           | 1 2 3 |  3.4
Maces & Flails | 1 2 3 |  3.4
Polearms       | 1 2 3 |  3.4
Staves         | 1 2 3 |  3.4
Ranged Weapons | 1 2 3 |  3.4
Throwing       | 1 2 3 |  3.4
Armour         | 1 2 3 |  3.4
Dodging        | 1 2 3 |  3.4
Unarmed Combat | 1 2 3 |  3.4
Evocations     | 1 2 3 |  3.4
Spellcasting   | 3 4 |  4.5
Conjurations   | 1 2 |  2.8
Necromancy     | 1 2 |  2.8
Translocations | 1 2 |  2.8
Transmutations | 1 2 |  2.8
Fire Magic     | 1 2 |  2.8
Ice Magic      | 1 2 |  2.8
Air Magic      | 1 2 |  2.8
Earth Magic    | 1 2 |  2.8
Poison Magic   | 1 2 |  2.8
Stealth        | 3 4 |  4.2
Shields        | 7 |  7.4
Summonings     | |  7.7

Action                     |  1- 3 |  4- 6 |  7- 9 || total
---------------------------+-------+-------+-------++-------
  Melee: Dagger            |    11 |       |       ||    11
         Bite              |     5 |     6 |     9 ||    20
         Short sword       |    54 |     4 |       ||    58
         Whip              |     3 |       |       ||     3
         Halberd           |       |    51 |    93 ||   144
         Staff             |       |    14 |       ||    14
         Scimitar          |       |       |    33 ||    33
         Punch             |       |       |     1 ||     1
   Fire: Sling             |     1 |     3 |       ||     4
         Orcbow            |       |       |     6 ||     6
  Throw: Stone             |     1 |     1 |       ||     2
   Cast: Summon Small Mamm |    52 |    32 |    17 ||   101
         Slow              |       |       |     2 ||     2
         Summon Guardian G |       |       |     1 ||     1
  Evoke: Wand              |       |     1 |     3 ||     4
    Use: Scroll            |     5 |     5 |     4 ||    14
   Stab: Sleeping          |     3 |       |     2 ||     5
         Invisible         |       |       |     1 ||     1
 Armour: Robe              |    17 |       |    23 ||    40
         Leather armour    |       |    17 |    27 ||    44
  Dodge: Dodged            |    39 |    57 |    84 ||   180
  Block: Buckler           |     8 |     5 |     1 ||    14

Table legend: (Time is in decaauts)
 A = Elapsed time spent in this place.
 B = Non-inter-level travel time spent in this place.
 C = Inter-level travel time spent in this place.
 D = Time resting spent in this place.
 E = Time spent auto-exploring this place.
 F = Levels seen in this place.
 G = Mean time per level.
                   A        B        C        D        E       F      G
               +--------+--------+--------+--------+--------+-----+--------+
         Total |   8361 |   8176 |    185 |   3030 |   2255 |   6 | 1393.5 |
       Dungeon |   8361 |   8176 |    185 |   3030 |   2255 |   6 | 1393.5 |
               +--------+--------+--------+--------+--------+-----+--------+

Top non-repeatable levels by time:
     D:1: 2320 daAuts
     D:5: 1608 daAuts
     D:4: 1566 daAuts
     D:3: 1211 daAuts
     D:2: 1154 daAuts
     D:6: 500 daAuts
